 Dungeon Crawl Stone Soup version 0.18.1-48-g4cf74bf (console) character file.

275 Kloppie the Skirmisher (level 6, -5/85 HPs)
             Began as a Minotaur Berserker on June 27, 2016.
             Was a Priest of Trog.
             Slain by an iguana (7 damage)
             ... on level 3 of the Dungeon.
             The game lasted 00:04:01 (2091 turns).

Kloppie the Skirmisher (Minotaur Berserker)         Turns: 2091, Time: 00:04:02

Health: -5/85      AC:  6    Str: 27    XL:     6   Next: 3%
Magic:  5/5        EV: 10    Int:  4    God:    Trog [***...]
Gold:   104        SH:  6    Dex: 11    Spells: 0 memorised, 5 levels left

rFire  . . .     SeeInvis .     a - +0 mace
rCold  . . .     Gourm    .     o - +0 scale mail
rNeg   . . .     Faith    .     q - +2 buckler {rPois}
rPois  +         Spirit   .     (helmet restricted)
rElec  .         Dismiss  .     (no cloak)
rCorr  .         Reflect  .     (no gloves)
SustAt .         Harm     .     (no boots)
MR     .....                    (no amulet)
Stlth  ..........               (no ring)
                                (no ring)

@: berserking, very quick, not resistant to hostile enchantments, extremely
unstealthy
A: retaliatory headbutt, horns 2
a: Berserk, Trog's Hand, Burn Spellbooks, Renounce Religion


You were on level 3 of the Dungeon.
You worshipped Trog.
Trog was most pleased with you.
You were hungry.

You visited 1 branch of the dungeon, and saw 4 of its levels.
You also visited: Sewer.

You collected 104 gold pieces.

Inventory:

Hand Weapons
 a - a +0 mace (weapon)
Armour
 e - a +0 ring mail
 o - a +0 scale mail (worn)
 q - a +2 buckler of poison resistance (worn)
Jewellery
 f - a +4 ring of strength {unknown}
 m - an uncursed amulet of magic regeneration {unknown}
Scrolls
 g - a scroll of random uselessness {unknown}
 h - 5 scrolls of teleportation {unknown}
 i - 2 scrolls of recharging {unknown}
 k - a scroll of enchant weapon {unknown}
 l - a scroll of identify {unknown}
 n - 2 scrolls of noise {unknown}
 s - 3 scrolls of magic mapping {unknown}
Potions
 d - 3 potions of curing {unknown}
 j - a potion of ambrosia {unknown}
 p - a potion of cancellation {unknown}
 r - a potion of haste {unknown}
 t - a potion of magic {unknown}
 u - a potion of might {unknown}
Comestibles
 b - a meat ration
 c - a bread ration


   Skills:
 + Level 5.7 Fighting
 + Level 5.7 Maces & Flails
 - Level 2.4 Armour
 - Level 2.1 Dodging
 + Level 3.4 Shields


You had 5 spell levels left.
You didn't know any spells.

Dungeon Overview and Level Annotations

Branches:
Dungeon (4/15)
 Temple: D:4-7

Altars:
Gozag
Nemelex Xobeh

Portals:
Ossuary: D:4


Innate Abilities, Weirdness & Mutations

You reflexively headbutt those who attack you in melee.
You have a pair of horns on your head.


Message History

There is a stone staircase leading down here.
You barely miss the orc wizard.
You headbutt the orc wizard, but do no damage.
The iguana barely misses you.
The orc wizard points at you and mumbles some strange words.
You resist with some effort. The iguana closely misses you.
The orc wizard casts a spell at you. The magic dart hits you!
* * * LOW HITPOINT WARNING * * *
You closely miss the orc wizard. You headbutt the orc wizard.
The orc wizard is moderately wounded.
The iguana bites you!
* * * LOW HITPOINT WARNING * * *
The orc wizard misses you. You furiously retaliate!
You headbutt the orc wizard.
A red film seems to cover your vision as you go berserk!
You feel yourself moving faster!
You feel mighty!
You are feeling hungry.
The iguana bites you!
You die...

#........#
#########....8...#
#...........8.8..#
#.#####.##.8._.8.#
#.# #.##..8.8..#
#.# #.##...8...#
#.#####.##[......#
#ol.†.............
#@..†............#
#############..###
#..... #...#.
###.#. #.#. #...
##.. #..


You could see an iguana and an orc wizard.

Vanquished Creatures
  Purgy (Sewer)
  8 adders
  An ooze (D:3)
  An adder skeleton (D:4)
  2 worms (D:2)
  A dart slug (D:1)
  5 giant geckos
  An orc (D:4)
  11 giant cockroaches
  3 goblins
  12 hobgoblins
  11 jackals
  A quokka (D:2)
  3 ball pythons
  6 bats
  6 giant newts
  7 kobolds
  7 rats
87 creatures vanquished.

Notes
Turn   | Place    | Note
--------------------------------------------------------------
     0 | D:1      | Kloppie the Minotaur Berserker began the quest for the Orb.
     0 | D:1      | Reached XP level 1. HP: 19/19 MP: 0/0
    66 | D:1      | Reached XP level 2. HP: 20/27 MP: 1/1
   240 | D:1      | Reached ** piety under Trog
   241 | D:1      | Reached XP level 3. HP: 34/34 MP: 2/2
   746 | D:2      | Reached skill level 1 in Shields
   794 | D:2      | Reached XP level 4. HP: 41/41 MP: 3/3
   999 | D:2      | Reached skill level 5 in Maces & Flails
  1145 | D:3      | Reached *** piety under Trog
  1145 | D:3      | Reached skill level 5 in Fighting
  1178 | D:3      | Found a faded altar to an unknown god.
  1260 | D:3      | Found a sparkling altar of Nemelex Xobeh.
  1260 | D:3      | Found an opulent altar of Gozag.
  1376 | D:3      | Reached XP level 5. HP: 44/48 MP: 4/4
  1458 | D:3      | Found a glowing drain.
  1477 | Sewer    | Entered a sewer
  1563 | Sewer    | Noticed Purgy
  1580 | Sewer    | Killed Purgy
  1827 | D:3      | Reached XP level 6. HP: 57/57 MP: 5/5
  2068 | D:4      | Found a sand-covered staircase.
  2090 | D:3      | HP: 1/57 [iguana (8)]
  2091 | D:3      | Slain by an iguana

Skill      XL: |  1  2  3  4  5 |
---------------+----------------+-----
Fighting       | 4 5 |  5.7
Maces & Flails | 4 5 |  5.7
Shields        | 1 2 3 |  3.4
Armour         | |  2.4
Dodging        | |  2.1

Action                   |  1- 3 |  4- 6 || total
-------------------------+-------+-------++-------
Melee: Mace              |    77 |   127 ||   204
       Headbutt          |     6 |    14 ||    20
Invok: Berserk           |       |     2 ||     2
  Eat: Chunk             |       |     5 ||     5
Armor: Leather armour    |     1 |       ||     1
       Ring mail         |    32 |    20 ||    52
       Scale mail        |       |    40 ||    40
Dodge: Dodged            |    57 |    74 ||   131
Block: Buckler           |    10 |    37 ||    47
